 Dungeon Crawl Stone Soup version 0.31-a0-187-gba352fbbf7 (webtiles) character file.

Game seed: 8329707471652432672

28 qw the Shooter (level 3, -1/20 HPs)
             Began as a Deep Elf Hunter on June 22, 2023.
             Slain by an orc wizard
             ... wielding a +0 dagger
              (3 damage)
             ... on level 2 of the Dungeon.
             The game lasted 00:00:19 (851 turns).

qw the Shooter (Deep Elf Hunter)                     Turns: 851, Time: 00:00:19

Health: -1/20      AC:  6    Str: 10    XL:     3   Next: 0%
Magic:  5/5        EV: 11    Int: 13    God:
Gold:   0          SH:  0    Dex: 18    Spells: 2/2 levels left

rFire   . . .        Y - +0 shortbow
rCold   . . .        (shield currently unavailable)
rNeg    . . .        g - +0 ring mail
rPois   +            (no helmet)
rElec   .            (no cloak)
rCorr   .            (no gloves)
SInv    .            h - +0 pair of boots
Will    .....        (no amulet)
Stlth   +            i - ring of poison resistance
HPRegen 0.23/turn    (no ring)
MPRegen 0.09/turn

%: no passive effects
@: no status effects
A: no striking features
a: no special abilities


You were on level 2 of the Dungeon.
You visited 1 branch of the dungeon, and saw 2 of its levels.

You collected 49 gold pieces.
You spent 49 gold pieces at shops.


   Skills:
 - Level 1.5 Fighting
 + Level 6.6 Ranged Weapons
 - Level 2.4 Dodging
 - Level 1.2 Stealth


You had 2 spell levels left.
You didn't know any spells.
Your spell library was empty.

Inventory:

Hand Weapons
 Y - a +0 shortbow (weapon)
Armour
 g - a +0 ring mail (worn)
 h - a +0 pair of boots (worn)
Jewellery
 i - a ring of poison resistance (left hand)
Scrolls
 a - 2 scrolls of identify
Potions
 f - 2 potions of curing

Dungeon Overview and Level Annotations

Branches:
Dungeon (2/15)

Altars:
Trog

Shops:
D:1 [[


Message History

A rat comes into view.
You shoot an arrow. The orc shouts!
The arrow hits the orc wizard.
The orc wizard is lightly wounded.
You hear an angry hiss.
An orc priest comes into view. It is wielding a +0 flail.
You shoot an arrow. The orc priest shouts!
The arrow hits the orc wizard.
The orc wizard is heavily wounded.
You shoot an arrow. The arrow barely misses the orc wizard.
The arrow closely misses the rat.
The orc priest invokes the aid of Beogh against you.
Beogh smites you!
Ouch! That really hurt!
You shoot an arrow.
The arrow closely misses the orc wizard.
The arrow barely misses the rat.
The orc priest begins to cast a cantrip, but forgets the words!
You shoot an arrow. The arrow hits the orc wizard.
The orc wizard is heavily wounded.
The orc wizard closely misses you.
An adder comes into view.
The rat barely misses you.
You shoot an arrow. The arrow completely misses the orc.
The adder hisses angrily.
The rat closely misses you. The orc barely misses you.
You shoot an arrow. The arrow hits the orc.
The orc is moderately wounded.
The rat misses you. The orc hits you with a +0 mace.
The orc priest begins to cast a cantrip, but forgets the words!
You shoot an arrow. The arrow hits the orc wizard.
The orc wizard is heavily wounded.
The orc wizard hits you but does no damage.
The rat bites you but does no damage. The orc barely misses you.
You shoot an arrow. The arrow hits the orc wizard.
The orc wizard is almost dead.
The orc wizard hits you with a +0 dagger.
You die...

......###
.._....$##
....[....#
.......#####
........<.# ..
#)oS.###.#
....#.roo# #.#
.......@## #.#
#######..###.##
##...%..#
####...# #####


You could see an orc priest, an orc wizard, an adder, an orc and a rat.

Vanquished Creatures
  An orc (D:2)
  2 endoplasms (D:1)
  A giant cockroach (D:1)
  2 goblins (D:1)
  4 hobgoblins
  4 kobolds (D:1)
  A quokka (D:1)
  3 ball pythons (D:1)
  4 bats
  4 rats
26 creatures vanquished.

Notes
Turn   | Place    | Note
-------+----------+-------------------------------------------
     0 | D:1      | qw the Deep Elf Hunter began the quest for the Orb.
     0 | D:1      | Reached XP level 1. HP: 12/12 MP: 3/3
     0 | D:1      | 0 ||| qw: Version: 0.3-a-9-g12657ce
     0 | D:1      | 0 ||| qw: Game counter: 2018
     0 | D:1      | 0 ||| qw: Always use a shield: true
     0 | D:1      | 0 ||| qw: God list: Okawaru
     0 | D:1      | 0 ||| qw: Allow faded altars: false
     0 | D:1      | 0 ||| qw: Do Orc after D:15 true
     0 | D:1      | 0 ||| qw: Do second Lair branch before Depths: true
     0 | D:1      | 0 ||| qw: Lair rune preference: random
     0 | D:1      | 0 ||| qw: Plans: Normal
     0 | D:1      | 0 ||| PLANNING D:1-11
    46 | D:1      | Reached XP level 2. HP: 16/16 MP: 4/4
    62 | D:1      | Reached skill level 6 in Ranged Weapons
    93 | D:1      | Found Xoinu's Armour Boutique.
   102 | D:1      | 102 ||| SHOPLISTING +0 pair of boots (54 gold, have 7).
   102 | D:1      | 102 ||| SHOPLISTING +2 pair of gloves of infusion (258
                  | gold, have 7).
   102 | D:1      | 102 ||| SHOPLISTING +2 robe (152 gold, have 7).
   226 | D:1      | Found Niob's Armour Shop.
   235 | D:1      | 235 ||| SHOPLISTING +0 leather armour of fire resistance
                  | (99 gold, have 49).
   235 | D:1      | 235 ||| BUYING +0 pair of boots (49 gold).
   235 | D:1      | Bought a +0 pair of boots for 49 gold pieces
   235 | D:1      | 235 ||| SHOPLISTING +2 ring mail of fire resistance (231
                  | gold, have 0).
   777 | D:1      | 777 ||| UPGRADING to +0 ring mail.
   787 | D:1      | 787 ||| DROPPING +0 leather armour.
   788 | D:1      | 788 ||| UPGRADING to +0 pair of boots.
   793 | D:1      | 793 ||| UPGRADING to ring of poison resistance.
   794 | D:1      | 794 ||| READING 3 scrolls labelled DIPPEO IREEG.
   795 | D:1      | 795 ||| READING scroll labelled WISAUQ GUKKI.
   796 | D:1      | 796 ||| READING scroll labelled SYGRARGH URROTWUO.
   800 | D:1      | 800 ||| DRINKING 2 amethyst potions.
   801 | D:1      | 801 ||| DRINKING 3 grey potions.
   802 | D:1      | 802 ||| DROPPING scroll of butterflies.
   803 | D:1      | 803 ||| DROPPING 2 potions of magic.
   839 | D:2      | Reached XP level 3. HP: 20/20 MP: 5/5
   840 | D:2      | Found a bloodstained altar of Trog.
   845 | D:2      | HP: 4/20 [orc priest/divine providence (16)]
   849 | D:2      | HP: 1/20 [orc/+0 mace (4)]
   851 | D:2      | Slain by an orc wizard

Levels and vault maps discovered:
D:1:      saegor_arrival_under_anarchy, layout_loops_ring, serial_shops,
          nicolae_shop_waterfront, shop, wad_floor_pattern_untrapped
D:2:      layout_rooms, basic_altar, uniq_terence

Skill      XL: |  1  2 |
---------------+-------+-----
Ranged Weapons | 6 |  6.6
Fighting       | |  1.5
Dodging        | |  2.4
Stealth        | |  1.2

Action                     || total
---------------------------++-------
   Fire: Shortbow          ||    63
    Use: Scroll            ||     3
         Potion            ||     2
 Armour: Ring mail         ||     2
  Dodge: Dodged            ||     9

Table legend:
 A = Non-vault XP
 B = Vault XP
 C = Vault XP percentage of total XP
 D = Non-vault monster count
 E = Vault monster count
 F = Vault count percentage of total count
                 A         B        C        D         E       F
            +---------+---------+-------+---------+---------+-------
      Total |      41 |       0 |   0.0 |      26 |       0 |   0.0
            +---------+---------+-------+---------+---------+-------
        D:1 |      34 |       0 |   0.0 |      22 |       0 |   0.0
        D:2 |       7 |       0 |   0.0 |       4 |       0 |   0.0
            +---------+---------+-------+---------+---------+-------
